 Dungeon Crawl Stone Soup version 0.20-a0-971-g5896763 (webtiles) character file.

92 Hybris the Skirmisher (level 4, 0/49 HPs)
             Began as an Ogre Fighter on Apr 8, 2017.
             Killed from afar by a dart slug (7 damage)
             ... with a slug dart
             ... on level 3 of the Dungeon.
             The game lasted 00:05:54 (4056 turns).

Hybris the Skirmisher (Ogre Fighter)                Turns: 4056, Time: 00:05:55

Health: 0/49       AC:  4    Str: 21    XL:     4   Next: 60%
Magic:  4/4        EV:  8    Int:  9    God:
Gold:   115        SH:  8    Dex:  8    Spells: 3/3 levels left

rFire    . . .     SeeInvis .   u - -3 whip (curse)
rCold    . . .     Gourm    .   c - +0 shield
rNeg     . . .     Faith    .   b - +0 robe
rPois    .         Spirit   .   t - +1 hat
rElec    .         Reflect  .   (no cloak)
rCorr    .         Harm     .   (gloves unavailable)
MR       +....                  (boots unavailable)
Stlth    +.........             (no amulet)
Regen    0.2/turn               (no ring)
MPRegen  0.1/turn               (no ring)

@: no status effects
A: unfitting armour, high mp 1, magic resistance 1, tough skin 1, no potion heal
1, MP-powered wands
a: no special abilities


You were on level 3 of the Dungeon.
You were not hungry.

You visited 1 branch of the dungeon, and saw 3 of its levels.

You collected 115 gold pieces.

Inventory:

Hand Weapons
 a - a +0 flail
 n - a +0 antimagic spear
 u - a cursed -3 whip (weapon)
Missiles
 p - 7 tomahawks of returning (quivered)
Armour
 b - a +0 robe (worn)
 c - a +0 shield (worn)
 t - a +1 hat (worn)
Scrolls
 e - a scroll of enchant weapon {unknown}
 h - a scroll of fog {unknown}
 i - 3 scrolls of identify
 j - a scroll of magic mapping {unknown}
 l - a scroll of amnesia
 m - 2 scrolls of random uselessness {unknown}
 r - a scroll of teleportation
Potions
 d - a potion of might
 g - 2 potions of mutation
 k - a potion of degeneration {unknown}
 q - 2 potions of curing {unknown}
 s - a potion of invisibility {unknown}
 v - 2 potions of magic {unknown}
Comestibles
 f - a bread ration
 o - a meat ration
 w - 2 chunks of flesh


   Skills:
 + Level 4.7 Fighting
 * Level 3.8 Maces & Flails
 - Level 2.6 Dodging
 - Level 2.6 Shields


You had 3 spell levels left.
You didn't know any spells.

Dungeon Overview and Level Annotations

Branches:
Dungeon (3/15)

Altars:
Yredelemnul

Annotations:
D:3 Hybris's ghost, amateur OgFi


Innate Abilities, Weirdness & Mutations

You are too large for most types of armour.
You have tough skin. (AC +1)
You have an increased reservoir of magic. (+10% MP)
You are resistant to hostile enchantments. (MR+)
Potions are less effective at restoring your health.
You expend magic power (3 MP) to strengthen your wands.


Message History

The dart slug is severely wounded.
The dart slug bites you but does no damage.
You completely miss the dart slug.
The dart slug is severely wounded.
The dart slug bites you but does no damage.
You hit the dart slug but do no damage.
The dart slug is severely wounded.
You hit the dart slug but do no damage.
The dart slug is severely wounded.
You block the dart slug's attack.
You hit the dart slug but do no damage.
The dart slug is severely wounded.
You block the dart slug's attack.
You hit the dart slug.
The dart slug is almost dead.
You hit the dart slug but do no damage.
The dart slug is almost dead.
The dart slug launches a dart at you. The slug dart hits you!
You die...

......#.##### #.#
#.# .......## #.#
#.# ######## #.#
#.# #.# #.# #####
#.# ..<.# ###.#
#.# #######..# #.#
#@w......# #.#
#.#(...?## #.#
##########.#.#####
#.# #..........#.#
#.# #.##########.#
#.# #.# .# #.# #.#
.# ###.###.# .#
........#


You could see a dart slug.

Vanquished Creatures
  An adder (D:3)
  An ooze (D:3)
  3 worms
  3 dart slugs
  A leopard gecko (D:3)
  4 orcs (D:3)
  A ball python (D:1)
  5 bats
  6 giant cockroaches
  5 goblins
  7 hobgoblins
  5 kobolds
  6 frilled lizards
  10 rats
58 creatures vanquished.

Notes
Turn   | Place    | Note
-------+----------+-------------------------------------------
     0 | D:1      | Hybris the Ogre Fighter began the quest for the Orb.
     0 | D:1      | Reached XP level 1. HP: 24/24 MP: 1/1
   193 | D:1      | Reached XP level 2. HP: 30/32 MP: 2/2
  1186 | D:1      | Reached XP level 3. HP: 33/39 MP: 3/3
  2055 | D:1      | Gained mutation: You have an increased reservoir of magic. (+10% MP) [potion of mutation]
  2055 | D:1      | Gained mutation: You expend magic power (3 MP) to strengthen your wands. [potion of mutation]
  2055 | D:1      | Gained mutation: Potions are less effective at restoring your health. [potion of mutation]
  2055 | D:1      | Gained mutation: You are resistant to hostile enchantments. (MR+) [potion of mutation]
  2763 | D:2      | Found a basalt altar of Yredelemnul.
  2874 | D:3      | Noticed Hybris's ghost (amateur OgFi)
  3026 | D:3      | Reached XP level 4. HP: 46/49 MP: 4/4
  4056 | D:3      | Killed from afar by a dart slug

Vault maps used:
D:1:      dpeg_arrival_concentric_ovals, minmay_octomino_e4
D:2:      nicolae_overflow_hidden_temple
D:3:      first_bread

Skill      XL: |  1  2 |
---------------+-------+-----
Maces & Flails | 2 3 |  3.8
Fighting       | |  4.7
Dodging        | |  2.6
Shields        | |  2.6

Action                   |  1- 3 |  4- 6 || total
-------------------------+-------+-------++-------
Melee: Flail             |   115 |       ||   115
       Whip              |    47 |   134 ||   181
       Spear             |    11 |       ||    11
  Use: Scroll            |     3 |     1 ||     4
       Potion            |     1 |       ||     1
  Eat: Chunk             |     7 |     3 ||    10
Armor: Robe              |    42 |    31 ||    73
Dodge: Dodged            |    52 |    42 ||    94
Block: Shield            |    73 |    45 ||   118
